 Dungeon Crawl Stone Soup version 0.22-a0-538-g76cc104 (webtiles) character file.

60 inc the Skirmisher (level 4, 0/31 HPs)
             Began as an Octopode Ice Elementalist on June 23, 2018.
             Succumbed to an orc's poison
             ... on level 2 of the Dungeon.
             The game lasted 00:01:26 (1804 turns).

inc the Skirmisher (Octopode Ice Elementalist)      Turns: 1804, Time: 00:01:26

Health: 0/31       AC:  1    Str:  7    XL:     4   Next: 4%
Magic:  0/7        EV: 13    Int: 18    God:
Gold:   81         SH:  0    Dex: 12    Spells: 6/7 levels left

rFire    . . .     SeeInvis .   (no weapon)
rCold    . . .     Gourm    .   (no shield)
rNeg     . . .     Faith    .   (helmet restricted)
rPois    .         Spirit   .   (no amulet)
rElec    .         Reflect  .   (no ring)
rCorr    .         Harm     .   (no ring)
MR       .....                  (no ring)
Stlth    +++.......             (no ring)
HPRegen  0.10/turn              (no ring)
MPRegen  0.10/turn              (no ring)
                                (no ring)
                                (no ring)

@: lethally poisoned (0 -> -13), very slightly contaminated
A: almost no armour, stealthy swim, amphibious, 8 rings, constrict 8, camouflage
1, gelatinous body 1
a: no special abilities


You were on level 2 of the Dungeon.
You were hungry.

You visited 1 branch of the dungeon, and saw 2 of its levels.

You collected 81 gold pieces.

Inventory:

Scrolls
 a - a scroll of enchant armour {unknown}
 c - 2 scrolls of remove curse {unknown}
 e - a scroll of enchant weapon {unknown}
 f - a scroll of identify {unknown}
Potions
 d - 2 potions of lignification {unknown}
Comestibles
 b - 4 rations


   Skills:
 + Level 3.5 Fighting
 - Level 2.0 Dodging
 - Level 2.6 Stealth
 - Level 2.0 Spellcasting
   Level 1.0 Conjurations
 - Level 3.0 Ice Magic


You had 6 spell levels left.
You knew the following spells:

 Your Spells              Type           Power        Failure   Level  Hunger
a - Freeze                Ice            ##..         5%          1    #......

Your spell library contained the following spells:

 Spells                   Type           Power        Failure   Level  Hunger
 Throw Frost              Conj/Ice       #.....       12%         2    ###....
 Summon Ice Beast         Ice/Summ       #.......     67%         4    #####..
 Ozocubu's Armour         Chrm/Ice       #.......     28%         3    ###....
 Throw Icicle             Conj/Ice       #.......     61%         4    #####..


Dungeon Overview and Level Annotations

Branches:
Dungeon (2/15)

Altars:


Innate Abilities, Weirdness & Mutations

You cannot wear most types of armour.
You are very stealthy in the water. (Stealth+)
You are amphibious.
You can wear up to eight rings at the same time.
You can use your tentacles to constrict eight enemies at once.
Your skin changes colour to match your surroundings (Stealth+).
Your rubbery body absorbs attacks. (AC +1, EV +1)


Message History

You feel sick. The orc hits you with a short sword!
* * * LOW HITPOINT WARNING * * *
The orc barely misses you.
The orc hits you with a dagger of venom.
* * * LOW HITPOINT WARNING * * *
You are more poisoned.
Unknown command.
* * * LOW HITPOINT WARNING * * *
You feel sick. The orc closely misses you.
Unknown command.
* * * LOW HITPOINT WARNING * * *
You feel sick.
Casting: Freeze (safe; 5% risk of failure)
Confirm with . or Enter, or press ? or * to list all spells.
Aiming: Freeze (safe; 5% risk of failure)
Press: ? - help, Shift-Dir - straight line, f - orc, p - orc
Aim: an orc, wielding a short sword and wearing a ring mail You freeze the orc.
The orc is moderately wounded.
You die...

####.######..<......#
#................##
#.######.......#...
###.## #.......####
#....# #####.###
#....# #^# #....# #.#
#....# ... #...@#####
#.# #...o.o..# #.#
#......o.)....%..#
#.#....###.###.###
#.#....# .# # ######
. ##


You could see 3 orcs.

Vanquished Creatures
  3 adders (D:2)
  A worm (D:2)
  2 dart slugs (D:1)
  An orc (D:2)
  A giant cockroach (D:1)
  9 hobgoblins
  A bat (D:1)
  3 frilled lizards (D:1)
  2 goblins (D:1)
  A kobold (D:1)
  A rat (D:1)
25 creatures vanquished.

Notes
Turn   | Place    | Note
-------+----------+-------------------------------------------
     0 | D:1      | inc the Octopode Ice Elementalist began the quest for the Orb.
     0 | D:1      | Reached XP level 1. HP: 11/11 MP: 3/3
    70 | D:1      | Reached skill level 1 in Fighting
   386 | D:1      | Reached XP level 2. HP: 10/19 MP: 5/5
  1117 | D:1      | Reached XP level 3. HP: 22/25 MP: 6/6
  1714 | D:2      | Reached XP level 4. HP: 30/31 MP: 7/7
  1803 | D:2      | HP: 1/31 [poisoned by an orc]
  1804 | D:2      | Succumbed to an orc's poison

Vault maps used:
D:1:      doesnt_arrival_eight_statues
D:2:      old_standard_altar, st_stairs_11

Skill      XL: |  1  2  3 |
---------------+----------+-----
Fighting       | 1 2 3 |  3.5
Dodging        | |  2.0
Stealth        | |  2.6
Spellcasting   | |  2.0
Conjurations   | |  1.0
Ice Magic      | |  3.0

Action                   |  1- 3 |  4- 6 || total
-------------------------+-------+-------++-------
Melee: Unarmed           |    77 |       ||    77
       Tentacles         |    14 |       ||    14
       Constrict         |    19 |       ||    19
 Cast: Freeze            |    10 |     6 ||    16
 Stab: Sleeping          |     6 |       ||     6
  Eat: Chunk             |     2 |       ||     2
Armor: Skin              |     4 |       ||     4
Dodge: Dodged            |    39 |     6 ||    45

Table legend:
 A = Spawn XP
 B = Non-spawn XP
 C = Spawn XP percentage of total XP
 D = Spawn monster count
 E = Non-spawn monster count
 F = Spawn count percentage of total count
 G = Total turns spent on level
                    A         B        C        D         E        F      G
               +---------+---------+-------+---------+---------+-------+---------
         Total |       0 |      86 |   0.0 |       0 |      25 |   0.0 |  1804
               +---------+---------+-------+---------+---------+-------+---------
           D:1 |       0 |      35 |   0.0 |       0 |      19 |   0.0 |  1395
           D:2 |       0 |      51 |   0.0 |       0 |       6 |   0.0 |   409
               +---------+---------+-------+---------+---------+-------+---------
